 Dungeon Crawl Stone Soup version 0.20.0-15-g7f486f2 (webtiles) character file.

615 Wardy1 the Thaumaturge (level 7, -3/36 HPs)
             Began as a Deep Elf Conjurer on June 9, 2017.
             Slain by an ice beast (13 damage)
             ... on level 5 of the Dungeon.
             The game lasted 00:10:21 (3645 turns).

Wardy1 the Thaumaturge (Deep Elf Conjurer)          Turns: 3645, Time: 00:10:21

Health: -3/36      AC:  5    Str:  5    XL:     7   Next: 21%
Magic:  6/22       EV: 13    Int: 22    God:
Gold:   221        SH:  0    Dex: 15    Spells: 22/25 levels left

rFire    . . .     SeeInvis .   y - -3 dagger (curse)
rCold    . . .     Gourm    .   (no shield)
rNeg     . . .     Faith    .   a - +0 robe
rPois    .         Spirit   .   h - +0 helmet
rElec    .         Reflect  .   k - +0 cloak
rCorr    .         Harm     .   j - +0 pair of gloves
MR       .....                  (no boots)
Stlth    ++........             (no amulet)
Regen    0.2/turn               (no ring)
MPRegen  0.2/turn               (no ring)

@: no status effects
A: no striking features
a: no special abilities


You were on level 5 of the Dungeon.
You were not hungry.

You visited 1 branch of the dungeon, and saw 5 of its levels.

You collected 221 gold pieces.

Inventory:

Hand Weapons
 t - a +0 quarterstaff
 y - a cursed -3 dagger (weapon)
Armour
 a - a +0 robe (worn)
 h - a +0 helmet (worn)
 j - a +0 pair of gloves (worn)
 k - a +0 cloak (worn)
Scrolls
 e - 4 scrolls of teleportation {unknown}
 g - 5 scrolls of magic mapping {unknown}
 i - a scroll of enchant weapon {unknown}
 o - 2 scrolls of remove curse {unknown}
 q - 2 scrolls of identify {unknown}
 r - a scroll of fog {unknown}
 w - a scroll of noise {unknown}
Potions
 d - 2 potions of invisibility {unknown}
 l - a potion of haste {unknown}
 n - a potion of curing {unknown}
 p - a potion of heal wounds {unknown}
 s - a potion of lignification {unknown}
 u - a potion of brilliance {unknown}
 v - a potion of might {unknown}
Books
 b - a book of Conjurations

   Spells                             Type                      Level
   a - Magic Dart                     Conjuration                  1
   b - Searing Ray                    Conjuration                  2
   c - Dazzling Spray                 Conjuration/Hexes            3
   d - Fulminant Prism                Conjuration/Hexes            4
   e - Force Lance                    Conjuration/Translocation    4
   f - Iskenderun's Mystic Blast      Conjuration                  4
Comestibles
 c - 3 bread rations
 f - 3 meat rations
 m - 3 fruits


   Skills:
 - Level 0.1 Fighting
 + Level 3.2 Dodging
 - Level 2.4 Stealth
 + Level 9.8 Spellcasting
 * Level 5.1 Conjurations


You had 22 spell levels left.
You knew the following spells:

 Your Spells              Type           Power        Failure   Level  Hunger
a - Magic Dart            Conj           ####         1%          1    None
b - Searing Ray           Conj           ####..       1%          2    None


Dungeon Overview and Level Annotations

Branches:
Dungeon (5/15)
 Temple: D:4-7

Altars:


Message History

The ice beast completely misses you.
The searing ray hits the ice beast.
The ice beast is heavily wounded.
You finish channeling your searing ray.
The ice beast hits you. The ice beast freezes you.
Casting: Searing Ray
Confirm with . or Enter, or press ? or * to list all spells.
Aiming: Searing Ray
Press: ? - help, Shift-Dir - straight line, f/p - ice beast
Aim: an ice beast (heavily wounded)
The searing ray hits the ice beast.
The ice beast is heavily wounded. (Press . to maintain the ray.)
The ice beast misses you.
The searing ray hits the ice beast.
The ice beast is severely wounded.
The ice beast hits you.
* * * LOW HITPOINT WARNING * * *
The ice beast freezes you!
You die...

... #.# #.# #..#
#.# .... #.# #..#
#.####.#####.#
#..#
#....†.Y.....#
#..#
#@##########..#
#...........(.####
#.###########<....
#.............####
###############


You could see an ice beast.

Vanquished Creatures
  Grinder (D:3)
  A phantom (D:4)
  The ghost of tognito the Chopper, a weakling MiBe of Trog (D:3)
  A scorpion (D:4)
  2 hounds (D:4)
  An iguana (D:5)
  4 adders
  4 gnolls (D:4)
  2 worms
  2 leopard geckos (D:4)
  8 orcs
  A ball python (D:4)
  8 giant cockroaches
  8 goblins
  5 hobgoblins
  3 jackals (D:2)
  A quokka (D:2)
  6 bats
  5 frilled lizards
  5 kobolds
  A leopard gecko skeleton (D:4)
  9 rats
79 creatures vanquished.

Notes
Turn   | Place    | Note
-------+----------+-------------------------------------------
     0 | D:1      | Wardy1 the Deep Elf Conjurer began the quest for the Orb.
     0 | D:1      | Reached XP level 1. HP: 10/10 MP: 6/6
   207 | D:1      | Reached XP level 2. HP: 15/15 MP: 5/8
   211 | D:1      | Learned a level 2 spell: Searing Ray
   255 | D:1      | Reached skill level 4 in Spellcasting
   899 | D:2      | Reached XP level 3. HP: 19/19 MP: 9/11
  1037 | D:2      | Reached skill level 5 in Spellcasting
  1519 | D:2      | Reached skill level 6 in Spellcasting
  1519 | D:2      | Reached XP level 4. HP: 24/24 MP: 10/14
  1857 | D:3      | Noticed Grinder
  1870 | D:3      | Killed Grinder
  1870 | D:3      | Reached skill level 8 in Spellcasting
  1870 | D:3      | Reached XP level 5. HP: 28/28 MP: 6/17
  1870 | D:3      | Reached XP level 6. HP: 32/32 MP: 6/19
  2337 | D:3      | Noticed tognito's ghost (weakling MiBe)
  2348 | D:3      | Killed tognito's ghost
  2808 | D:4      | Reached skill level 9 in Spellcasting
  3384 | D:4      | Reached XP level 7. HP: 36/36 MP: 19/22
  3511 | D:4      | Reached skill level 5 in Conjurations
  3615 | D:5      | Entered Level 5 of the Dungeon
  3645 | D:5      | Slain by an ice beast

Skill      XL: |  1  2  3  4  5  6  7 |
---------------+----------------------+-----
Spellcasting   | 4 6 8 9 |  9.8
Dodging        | 3 |  3.2
Conjurations   | 5 |  5.1
Fighting       | |  0.1
Stealth        | |  2.4

Action                   |  1- 3 |  4- 6 |  7- 9 || total
-------------------------+-------+-------+-------++-------
 Cast: Magic Dart        |    59 |    59 |    13 ||   131
       Searing Ray       |     6 |    10 |     4 ||    20
  Eat: Chunk             |     2 |     5 |     1 ||     8
Armor: Robe              |     3 |     2 |     2 ||     7
Dodge: Dodged            |     8 |    10 |     3 ||    21
